 Dungeon Crawl Stone Soup version 0.18.1-48-g4cf74bf (webtiles) character file.

4470 Alarkh the Carver (level 10, -2/70 HPs)
             Began as a Mummy Skald on Sept 11, 2016.
             Was a Follower of Okawaru.
             Slain by Joseph
             ... wielding a +2 quarterstaff of protection
              (15 damage)
             ... on level 8 of the Dungeon on Sept 12, 2016.
             The game lasted 00:17:19 (7062 turns).

Alarkh the Carver (Mummy Skald)                     Turns: 7062, Time: 00:17:19

Health: -2/70      AC: 14    Str: 16    XL:     10   Next: 15%
Magic:  19/23      EV: 12    Int: 15    God:    Okawaru [*.....]
Gold:   173        SH:  0    Dex: 11    Spells: 3 memorised, 9 levels left

rFire  x . .     SeeInvis .     b - +1 falchion (elec)
rCold  + . .     Gourm    .     A - +3 leather armour
rNeg   + + +     Faith    .     (no shield)
rPois  ∞         Spirit   .     h - +0 helmet
rElec  .         Dismiss  .     v - +0 cloak
rCorr  .         Reflect  .     k - +2 pair of gloves
SustAt .         Harm     .     u - +2 pair of boots
MR     +....                    (no amulet)
Stlth  +.........               g - ring of wizardry
                                i - ring of magical power

@: somewhat resistant to hostile enchantments, very unstealthy
A: no food or potions, fire vulnerability, cold resistance 1, negative energy
resistance 3, torment resistance, unbreathing
a: Heroism, Renounce Religion


You were on level 8 of the Dungeon.
You worshipped Okawaru.
Okawaru was aware of your devotion.
You were not hungry.

You visited 2 branches of the dungeon, and saw 10 of its levels.

You collected 535 gold pieces.
You spent 362 gold pieces at shops.

Inventory:

Hand Weapons
 a - a +1 long sword
 b - a +1 falchion of electrocution (weapon)
 o - a +0 falchion
Armour
 h - a +0 helmet (worn)
 k - a +2 pair of gloves (worn)
 u - a +2 pair of boots (worn)
 v - a +0 cloak (worn)
 w - a +2 robe of magic resistance
 A - a +3 leather armour (worn)
Jewellery
 d - an uncursed ring of protection from fire
 g - a ring of wizardry (right hand)
 i - a ring of magical power (left hand)
 m - an uncursed ring of resist corrosion
 n - an uncursed ring of fire
 s - a +4 ring of dexterity
 y - an uncursed amulet of dismissal
 C - an uncursed ring of sustain attributes
Wands
 p - a wand of iceblast (8/15)
 x - a wand of digging (10/24)
 B - a wand of teleportation (4/9)
Scrolls
 e - a scroll of identify
 f - 2 scrolls of remove curse
 j - 4 scrolls of noise
 l - 2 scrolls of enchant armour
 q - a scroll of random uselessness
 r - 3 scrolls of amnesia
 t - 2 scrolls of immolation
 z - 5 scrolls of recharging
Books
 c - a book of Battle

   Spells                             Type                      Level
   a - Infusion                       Charms                       1
   b - Shroud of Golubria             Charms/Translocation         2
   c - Song of Slaying                Charms                       2
   d - Spectral Weapon                Hexes/Charms                 3
   e - Regeneration                   Charms/Necromancy            3
 D - a book of Alchemy

   Spells                             Type                      Level
   a - Sublimation of Blood           Necromancy                   2
   b - Ignite Poison                  Fire/Transmutation/Poison    3
   c - Petrify                        Transmutation/Earth          4
   d - Alistair's Intoxication        Transmutation/Poison         5
   e - Irradiate                      Conjuration/Transmutation    5
 E - a book of Misfortune

   Spells                             Type                      Level
   a - Confusing Touch                Hexes                        2
   b - Confuse                        Hexes                        3
   c - Gell's Gravitas                Hexes/Translocation          3
   d - Petrify                        Transmutation/Earth          4
   e - Metabolic Englaciation         Hexes/Ice                    5
   f - Yara's Violent Unravelling     Hexes/Transmutation          5


   Skills:
 + Level 3.5 Fighting
 * Level 11.0 Long Blades
 + Level 2.6 Armour
 + Level 2.6 Dodging
 + Level 3.1 Spellcasting
 + Level 3.7 Charms


You had 9 spell levels left.
You knew the following spells:

 Your Spells              Type           Power        Failure   Level  Hunger
a - Infusion              Chrm           ##..         2%          1    N/A
b - Shroud of Golubria    Chrm/Tloc      #.........   7%          2    N/A
c - Spectral Weapon       Hex/Chrm       #.......     14%         3    N/A

Dungeon Overview and Level Annotations

Branches:
Dungeon (9/15)             Temple (1/1) D:7
   Lair: D:8-11         Orc: D:9-12

Altars:
Ashenzari
Cheibriados
Dithmenos
Elyvilon
Fedhas
Gozag
Kikubaaqudgha
Makhleb
Nemelex Xobeh
Okawaru
Pakellas
Qazlal
Ru
Sif Muna
Trog
Vehumet
Xom
Yredelemnul
Zin
The Shining One

Shops:
D:6 [   D:7 (   D:8 *

Annotations:
D:8 Joseph


Innate Abilities, Weirdness & Mutations

You do not eat or drink.
Your flesh is vulnerable to fire.
You are immune to poison.
Your flesh is cold resistant.
You are immune to negative energy.
You are immune to unholy pain and torment.
You can survive without breathing.


Message History

Joseph is moderately wounded.
Your spectral weapon barely misses Joseph.
Joseph hits you with an uncursed quarterstaff of protection.
You hit Joseph but do no damage.
There is a sudden explosion of sparks!
Joseph is moderately wounded.
Your spectral weapon hits Joseph.
Joseph closely misses you.
You hit Joseph but do no damage.
Joseph is moderately wounded.
Your spectral weapon barely misses Joseph.
Joseph hits you with an uncursed quarterstaff of protection!
* * * LOW HITPOINT WARNING * * *
You hit Joseph.
Joseph is heavily wounded.
You are no longer magically infusing your attacks.
Your spectral weapon hits Joseph.
You slash Joseph!
Joseph is heavily wounded.
Your spectral weapon hits Joseph but does no damage.
Joseph hits you with an uncursed quarterstaff of protection!
You die...

#..##.#
##.##.#
#.##.#
#)##.#
######..#)#
#.(.....#.#
#.#####...#
#..((.#%..#
####@(#...#
##@#.#.#
#.#.#.#
#.#..>#
#.##### #.#
#.# #.# #)#


You could see Joseph and a friendly spectral falchion of electrocution.

Vanquished Creatures
  The ghost of luca467 the Martial Artist, a novice DsMo (D:8)
  The ghost of Johnny the Skirmisher, an amateur OgFi (D:3)
  Sigmund (D:2)
  A hippogriff (D:7)
  5 ice beasts
  A black bear (D:7)
  A phantom (D:6)
  3 orc warriors (D:8)
  4 ogres
  A necrophage (D:7)
  3 centaurs
  A giant frog (D:6)
  A scorpion (D:4)
  3 wights (D:6)
  9 killer bees
  A howler monkey (D:7)
  2 crimson imps
  2 centaur zombies (D:7)
  4 hounds
  3 jellies (D:8)
  6 orc priests
  5 orc wizards
  An iguana (D:6)
  A centaur skeleton (D:5)
  Ijyb (D:3)
  2 worker ants
  A hound zombie (D:5)
  2 hound skeletons
  A howler monkey zombie (D:8)
  Robin (D:1)
  11 adders
  2 shadow imps
  8 oozes
  An adder zombie (D:7)
  2 worms
  3 dart slugs
  A giant gecko (D:5)
  38 orcs
  2 ball pythons
  2 giant cockroaches
  17 goblins
  10 hobgoblins
  8 jackals
  4 kobolds
  3 quokkas
  4 bats
  7 giant newts
  A jackal skeleton (D:4)
  2 quokka zombies (D:5)
  2 rats
197 creatures vanquished.

Vanquished Creatures (others)
  A quokka (D:5)
  4 spectral weapons
5 creatures vanquished.

Grand Total: 202 creatures vanquished

Notes
Turn   | Place    | Note
--------------------------------------------------------------
     0 | D:1      | Alarkh the Mummy Skald began the quest for the Orb.
     0 | D:1      | Reached XP level 1. HP: 16/16 MP: 3/3
   132 | D:2      | Reached skill level 2 in Long Blades
   343 | D:2      | Reached XP level 2. HP: 22/22 MP: 1/5
  1033 | D:2      | Noticed Robin
  1121 | D:1      | Reached XP level 3. HP: 19/27 MP: 6/6
  1229 | D:1      | Reached skill level 3 in Long Blades
  1384 | D:1      | Killed Robin
  1613 | D:2      | Noticed Sigmund
  1641 | D:1      | Learned a level 2 spell: Shroud of Golubria
  1645 | D:1      | Learned a level 3 spell: Spectral Weapon
  1726 | D:2      | Killed Sigmund
  1726 | D:2      | Reached skill level 5 in Long Blades
  1726 | D:2      | Reached XP level 4. HP: 21/33 MP: 7/7
  1726 | D:2      | Reached XP level 5. HP: 24/38 MP: 8/8
  1983 | D:3      | Found a blossoming altar of Fedhas.
  2213 | D:3      | Noticed Ijyb
  2226 | D:3      | Killed Ijyb
  2226 | D:3      | Reached XP level 6. HP: 44/44 MP: 9/9
  2244 | D:3      | Noticed Johnny's ghost (amateur OgFi)
  2263 | D:3      | Killed Johnny's ghost
  2263 | D:3      | Reached skill level 6 in Long Blades
  2263 | D:3      | Reached XP level 7. HP: 41/50 MP: 7/10
  2747 | D:4      | Reached skill level 7 in Long Blades
  3237 | D:4      | Found a snail-covered altar of Cheibriados.
  3341 | D:5      | Entered Level 5 of the Dungeon
  3357 | D:5      | Reached skill level 8 in Long Blades
  3357 | D:5      | Reached XP level 8. HP: 48/56 MP: 11/11
  3429 | D:5      | Found a shimmering altar of Xom.
  3591 | D:5      | Reached skill level 9 in Long Blades
  3859 | D:6      | Found Leprytiu's Antique Armour Emporium.
  3883 | D:6      | Bought a pair of embroidered boots for 121 gold pieces
  3883 | D:6      | Bought a cloak for 121 gold pieces
  3883 | D:6      | Bought a runed robe for 18 gold pieces
  4208 | D:6      | Reached skill level 10 in Long Blades
  4220 | D:6      | Reached XP level 9. HP: 60/61 MP: 12/12
  4563 | D:7      | Reached skill level 1 in Armour
  4563 | D:7      | Reached skill level 1 in Dodging
  4781 | D:7      | Found Bic Efa's Antique Weapon Emporium.
  4812 | D:7      | Bought a glowing falchion for 102 gold pieces
  5151 | D:8      | Noticed luca467's ghost (novice DsMo)
  5539 | D:8      | Found a shattered altar of Ashenzari.
  5578 | D:8      | Noticed Joseph
  5838 | D:8      | Found Doku's Assorted Antiques.
  6404 | D:7      | Found a staircase to the Ecumenical Temple.
  6413 | Temple   | Entered the Ecumenical Temple
  6616 | Temple   | Became a worshipper of Warmaster Okawaru
  6803 | D:7      | Reached XP level 10. HP: 66/70 MP: 14/14
  7019 | D:8      | Killed luca467's ghost
  7019 | D:8      | Reached * piety under Okawaru
  7019 | D:8      | Reached skill level 11 in Long Blades
  7062 | D:8      | Slain by Joseph

Skill      XL: |  1  2  3  4  5  6  7  8  9 10 |
---------------+-------------------------------+-----
Long Blades    | 2 5 6 8 10 11 | 11.0
Armour         | 2 |  2.6
Dodging        | 2 |  2.6
Charms         | 3 |  3.7
Fighting       | 3 |  3.5
Spellcasting   | 3 |  3.1

Action                   |  1- 3 |  4- 6 |  7- 9 | 10-12 || total
-------------------------+-------+-------+-------+-------++-------
Melee: Falchion          |   113 |       |   133 |    19 ||   265
       Long sword        |    10 |    35 |   295 |       ||   340
 Cast: Infusion          |    19 |     7 |     4 |     1 ||    31
       Spectral Weapon   |     2 |     1 |    53 |     4 ||    60
       Shroud of Golubri |     2 |     1 |     2 |     1 ||     6
Evoke: Wand              |       |       |     1 |       ||     1
  Use: Scroll            |       |     4 |    11 |       ||    15
 Stab: Distracted        |       |       |     3 |       ||     3
Armor: Leather armour    |    78 |     8 |    69 |     5 ||   160
       Robe              |       |       |   119 |       ||   119
Dodge: Dodged            |    97 |    13 |   239 |     5 ||   354
